 Dungeon Crawl Stone Soup version 0.18.1-51-gd549091e01 (webtiles) character file.

28 mopl the Caller (level 2, 0/15 HPs)
             Began as a Deep Elf Summoner on Nov 29, 2019.
             Succumbed to an adder's poison
             ... on level 2 of the Dungeon.
             The game lasted 00:01:53 (1171 turns).

mopl the Caller (Deep Elf Summoner)                 Turns: 1171, Time: 00:01:53

Health: 0/15       AC:  2    Str:  5    XL:     2   Next: 96%
Magic:  7/9        EV: 13    Int: 19    God:
Gold:   50         SH:  0    Dex: 15    Spells: 2 memorised, 6 levels left

rFire  + . .     SeeInvis .     e - +0 dagger
rCold  + . .     Gourm    .     a - +0 robe
rNeg   . . .     Faith    .     (no shield)
rPois  +         Spirit   .     (no helmet)
rElec  +         Dismiss  .     (no cloak)
rCorr  +         Reflect  .     (no gloves)
SustAt .         Harm     .     (no boots)
MR     .....                    (no amulet)
Stlth  ++........               (no ring)
                                (no ring)

@: lethally poisoned (0 -> -5), resistant, not resistant to hostile
enchantments, unstealthy
A: no striking features
a: no special abilities


You were on level 2 of the Dungeon.
You were not hungry.

You visited 1 branch of the dungeon, and saw 2 of its levels.

You collected 50 gold pieces.

Inventory:

Hand Weapons
 e - a +0 dagger (weapon)
Armour
 a - a +0 robe (worn)
Scrolls
 d - 2 scrolls of identify {unknown}
 h - 3 scrolls of remove curse {unknown}
 j - a scroll of noise {unknown}
 m - a scroll of fear {unknown}
 n - 2 scrolls of magic mapping {unknown}
 o - 3 scrolls of random uselessness {unknown}
Potions
 g - a potion of lignification {unknown}
 i - a potion of curing {unknown}
 k - a potion of mutation {unknown}
 l - a potion of might {unknown}
 p - a potion of brilliance {unknown}
Books
 b - a book of Callings

   Spells                             Type                      Level
   a - Summon Small Mammal            Summoning                    1
   b - Call Imp                       Summoning                    2
   c - Call Canine Familiar           Summoning                    3
   d - Summon Guardian Golem          Hexes/Summoning              3
   e - Summon Lightning Spire         Summoning/Air                4
   f - Summon Ice Beast               Ice/Summoning                4
Comestibles
 c - a bread ration
 q - a meat ration
 r - a chunk of flesh


   Skills:
 - Level 2.4 Dodging
 - Level 2.4 Stealth
 + Level 4.0 Spellcasting
 + Level 5.0 Summonings


You had 6 spell levels left.
You knew the following spells:

 Your Spells              Type           Power        Failure   Level  Hunger
a - Summon Small Mammal   Summ           ###.         1%          1    None
b - Call Imp              Summ           ###.....     2%          2    ##.....


Dungeon Overview and Level Annotations

Branches:
Dungeon (2/15)

Altars:


Message History

The adder is almost dead.
The adder closely misses you.
Your shadow imp closely misses the adder.
You miss the adder.
The adder is almost dead.
The adder misses you.
Your shadow imp closely misses the adder.
You closely miss the adder.
The adder is almost dead.
The adder barely misses you. The adder bites you.
* * * LOW HITPOINT WARNING * * *
You are lethally poisoned!
The adder poisons you!
Your shadow imp hits the adder.
The adder dies!
Your Spellcasting skill increases to level 4!
Your Summonings skill increases to level 5!
Drink which item? (? for menu, Esc to quit)
It was a potion of resistance.
You feel protected.
You die...

#..# #<#
#..###.####
#.........#
###.###.##.# #...#
#.##.# #.".# #.##.#
#...# #....#
##.#######.########
#...5.@...........
#...######.##.)...
#. #.# .... #.# ...
#.# .. #.# # #.# .#


You could see a friendly shadow imp.

Vanquished Creatures
  A dart slug (D:2)
  A goblin (D:1)
  A bat (D:1)
  2 giant newts (D:1)
  2 kobolds (D:1)
  A rat (D:1)
8 creatures vanquished.

Vanquished Creatures (collateral kills)
  An adder (D:2)
  3 bats (D:1)
  A giant cockroach (D:1)
  2 goblins (D:1)
  2 hobgoblins (D:1)
  2 jackals (D:1)
  A ball python (D:1)
  2 kobolds (D:1)
  A rat (D:1)
15 creatures vanquished.

Vanquished Creatures (others)
  A giant cockroach (D:1)
1 creature vanquished.

Grand Total: 24 creatures vanquished

Notes
Turn   | Place    | Note
--------------------------------------------------------------
     0 | D:1      | mopl the Deep Elf Summoner began the quest for the Orb.
     0 | D:1      | Reached XP level 1. HP: 10/10 MP: 6/6
   342 | D:1      | Reached XP level 2. HP: 9/15 MP: 1/8
   352 | D:1      | Learned a level 2 spell: Call Imp
  1170 | D:2      | Reached skill level 4 in Spellcasting
  1170 | D:2      | Reached skill level 5 in Summonings
  1171 | D:2      | Succumbed to an adder's poison

Skill      XL: |  1  2 |
---------------+-------+-----
Spellcasting   | 4 |  4.0
Summonings     | 5 |  5.0
Dodging        | |  2.4
Stealth        | |  2.4

Action                   || total
-------------------------++-------
Melee: Dagger            ||    61
       Unarmed           ||     1
 Cast: Summon Small Mamm ||    25
       Call Imp          ||     1
  Use: Potion            ||     1
 Stab: Sleeping          ||     2
  Eat: Chunk             ||     1
Armor: Robe              ||    14
Dodge: Dodged            ||    61
